 Dungeon Crawl Stone Soup version 0.26-a0-455-g0958c02 (webtiles) character file.

Game seed: 14855337377017332156

308 Crimsoncloak the Firebug (level 6, -1/44 HPs)
             Began as a Gnoll Fire Elementalist on July 28, 2020.
             Slain by a crimson imp (4 damage)
             ... on level 3 of the Dungeon.
             The game lasted 00:08:12 (3303 turns).

Crimsoncloak the Firebug (Gnoll Fire Elementalist)  Turns: 3303, Time: 00:08:13

Health: -1/44      AC:  3    Str: 10    XL:     6   Next: 40%
Magic:  11/14      EV: 15    Int: 20    God:
Gold:   227        SH:  0    Dex: 15    Spells: 14/15 levels left

rFire    . . .     SeeInvis .   m - +1 dagger (venom)
rCold    . . .     Faith    .   (no shield)
rNeg     . . .     Spirit   .   a - +0 robe
rPois    .         Reflect  .   (no helmet)
rElec    .         Harm     .   (no cloak)
rCorr    .                      (no gloves)
MR       .....                  e - +0 pair of boots
Stlth    +++.......             (no amulet)
HPRegen  0.14/turn              (no ring)
MPRegen  0.14/turn              (no ring)

@: lightly drained
A: distributed training, fangs 1, strong nose
a: no special abilities


You were on level 3 of the Dungeon.
You visited 1 branch of the dungeon, and saw 3 of its levels.

You collected 227 gold pieces.

Inventory:

Hand Weapons
 m - a +1 dagger of venom (weapon)
Missiles
 c - 99 stones
 d - 26 poisoned darts (quivered)
Armour
 a - a +0 robe (worn)
 e - a +0 pair of boots (worn)
Jewellery
 q - an uncursed ring of ice {unknown}
Scrolls
 b - 3 scrolls of identify {unknown}
 g - 3 scrolls of remove curse {unknown}
 h - a scroll of enchant weapon {unknown}
 i - a scroll of amnesia {unknown}
 n - a scroll of teleportation {unknown}
 p - 2 scrolls of fear {unknown}
 r - a scroll of fog {unknown}
Potions
 f - a potion of stabbing {unknown}
 j - a potion of degeneration {unknown}
 k - 4 potions of heal wounds {unknown}
 l - 2 potions of curing {unknown}
 o - a potion of resistance {unknown}
 s - a potion of ambrosia {unknown}
 t - a potion of invisibility {unknown}


   Skills:
 + Level 2.0(1.6) Fighting
 + Level 2.0(1.6) Short Blades
 + Level 2.0(1.6) Long Blades
 + Level 2.0(1.6) Axes
 + Level 2.0(1.6) Maces & Flails
 + Level 2.0(1.6) Polearms
 + Level 2.0(1.6) Staves
 + Level 2.0(1.6) Slings
 + Level 2.0(1.6) Bows
 + Level 2.0(1.6) Crossbows
 + Level 2.0(1.6) Throwing
 + Level 2.0(1.6) Armour
 + Level 5.0(4.6) Dodging
 + Level 4.6(4.2) Stealth
 + Level 2.0(1.6) Shields
 + Level 2.0(1.6) Unarmed Combat
 + Level 5.3(5.0) Spellcasting
 + Level 2.6(2.3) Conjurations
 + Level 1.5(1.2) Hexes
 + Level 1.5(1.2) Summonings
 + Level 1.5(1.2) Necromancy
 + Level 1.5(1.2) Translocations
 + Level 1.5(1.2) Transmutations
 + Level 5.6(5.3) Fire Magic
 + Level 1.5(1.2) Ice Magic
 + Level 1.5(1.2) Air Magic
 + Level 1.5(1.2) Earth Magic
 + Level 1.5(1.2) Poison Magic
 + Level 2.1(1.8) Invocations
 + Level 2.0(1.6) Evocations


You had 14 spell levels left.
You knew the following spells:

 Your Spells              Type           Power        Failure   Level
a - Foxfire               Conj/Fire      ###.         2%          1

Your spell library contained the following spells:

 Spells                   Type           Power        Failure   Level
 Conjure Flame            Conj/Fire      ###.....     7%          3
 Inner Flame              Hex/Fire       ###.....     9%          3
 Sticky Flame             Conj/Fire      ###.....     24%         4
 Fireball                 Conj/Fire      ###.......   54%         5


Dungeon Overview and Level Annotations

Branches:
Dungeon (3/15)

Altars:
Elyvilon
Xom
Yredelemnul


Innate Abilities, Weirdness & Mutations

Your experience applies equally to all skills.
You have very sharp teeth.
Your uncanny sense of smell can sniff out nearby items.


Message History

The crimson imp blinks!
Throwing (i - inventory. (/) - cycle)
d - 29 poisoned darts (quivered)
Press: ? - help, Shift-Dir - straight line, f/p - crimson imp
Aim: a crimson imp You throw a poisoned dart.
The poisoned dart hits the crimson imp.
The crimson imp grins evilly.
The crimson imp barely misses you.
Throwing (i - inventory. (/) - cycle)
d - 28 poisoned darts (quivered)
Press: ? - help, Shift-Dir - straight line, f/p - crimson imp
Aim: a crimson imp You throw a poisoned dart.
The poisoned dart hits the crimson imp.
The crimson imp hits you.
* * * LOW HITPOINT WARNING * * *
Throwing (i - inventory. (/) - cycle)
d - 27 poisoned darts (quivered)
Press: ? - help, Shift-Dir - straight line, f/p - crimson imp
Aim: a crimson imp You throw a poisoned dart.
The poisoned dart barely misses the crimson imp.
The crimson imp hits you.
You die...

§v##.######.#####
.§#..# #.>.#
....## #...###
##### ##....# §^§#
##.#.# .### #...#
?^ ###########.(##
####.......###..5#
.....#.#.....#.#@#
#....###.....##
##..### ##.....##
#..## ###....##
####..#
###.[.#####
.....## ##..)...#
##..## ##.#.#.#
##.## #.#...# #..#
#.###.##


You could see a crimson imp.

Vanquished Creatures
  2 crimson imps (D:3)
  3 jellies (D:2)
  An adder (D:2)
  9 oozes
  4 worms
  A dart slug (D:2)
  2 leopard geckos
  3 orcs (D:3)
  2 ball pythons
  6 giant cockroaches (D:1)
  5 goblins
  5 hobgoblins
  11 jackals
  10 kobolds
  8 bats
  5 frilled lizards
  13 rats
90 creatures vanquished.

Vanquished Creatures (others)
  230 foxfires
  A fungus (D:2)
  7 toadstools (D:2)
238 creatures vanquished.

Grand Total: 328 creatures vanquished

Notes
Turn   | Place    | Note
-------+----------+-------------------------------------------
     0 | D:1      | Crimsoncloak the Gnoll Fire Elementalist began the quest
                  | for the Orb.
     0 | D:1      | Reached XP level 1. HP: 13/13 MP: 6/6
     1 | D:1      | Found a runed translucent door.
   268 | D:1      | Reached XP level 2. HP: 19/19 MP: 4/7
  1298 | D:1      | Reached XP level 3. HP: 25/25 MP: 7/9
  1302 | D:1      | Reached skill level 5 in Spellcasting
  1322 | D:1      | Reached skill level 1 in Invocations
  1696 | D:2      | Reached skill level 1 in Fighting
  1696 | D:2      | Reached skill level 1 in Short Blades
  1696 | D:2      | Reached skill level 1 in Long Blades
  1696 | D:2      | Reached skill level 1 in Axes
  1696 | D:2      | Reached skill level 1 in Maces & Flails
  1696 | D:2      | Reached skill level 1 in Polearms
  1696 | D:2      | Reached skill level 1 in Staves
  1696 | D:2      | Reached skill level 1 in Slings
  1696 | D:2      | Reached skill level 1 in Bows
  1696 | D:2      | Reached skill level 1 in Crossbows
  1696 | D:2      | Reached skill level 1 in Throwing
  1696 | D:2      | Reached skill level 1 in Armour
  1696 | D:2      | Reached skill level 1 in Shields
  1696 | D:2      | Reached skill level 1 in Unarmed Combat
  1696 | D:2      | Reached skill level 1 in Evocations
  1727 | D:2      | Reached XP level 4. HP: 32/32 MP: 7/11
  1996 | D:2      | Found a white marble altar of Elyvilon.
  2102 | D:2      | Found a basalt altar of Yredelemnul.
  2421 | D:2      | Reached skill level 1 in Hexes
  2421 | D:2      | Reached skill level 1 in Summonings
  2421 | D:2      | Reached skill level 1 in Necromancy
  2421 | D:2      | Reached skill level 1 in Translocations
  2421 | D:2      | Reached skill level 1 in Transmutations
  2421 | D:2      | Reached skill level 1 in Ice Magic
  2421 | D:2      | Reached skill level 1 in Air Magic
  2421 | D:2      | Reached skill level 1 in Earth Magic
  2421 | D:2      | Reached skill level 1 in Poison Magic
  2428 | D:2      | Reached XP level 5. HP: 32/37 MP: 8/12
  2775 | D:3      | Reached XP level 6. HP: 37/44 MP: 6/13
  3160 | D:3      | Found a shimmering altar of Xom.
  3239 | D:3      | Reached skill level 5 in Dodging
  3274 | D:3      | HP: 2/44 [crimson imp (1)]
  3303 | D:3      | Slain by a crimson imp

Illustrated notes

Levels and vault maps discovered:
D:1:      dpeg_arrival_caged_fury, layout_loops_ring,
          chequers_serial_rivers_marsh, amethyst_killhole,
          minmay_misc_feat_square, kennysheep_small_spiral
D:2:      cheibrodos_fertilizer, layout_rooms, kennysheep_ying_yang
D:3:      layout_rooms, led_xom_imps, uniq_jessica, uniq_crazy_yiuf_cottage

Skill      XL: |  1  2  3  4  5  6 |
---------------+-------------------+-----
Conjurations   | 2 |  2.6
Spellcasting   | 5 |  5.3
Invocations    | 1 2 |  2.1
Fighting       | 1 2 |  2.0
Short Blades   | 1 2 |  2.0
Long Blades    | 1 2 |  2.0
Axes           | 1 2 |  2.0
Maces & Flails | 1 2 |  2.0
Polearms       | 1 2 |  2.0
Staves         | 1 2 |  2.0
Slings         | 1 2 |  2.0
Bows           | 1 2 |  2.0
Crossbows      | 1 2 |  2.0
Throwing       | 1 2 |  2.0
Armour         | 1 2 |  2.0
Shields        | 1 2 |  2.0
Unarmed Combat | 1 2 |  2.0
Evocations     | 1 2 |  2.0
Hexes          | 1 |  1.5
Summonings     | 1 |  1.5
Necromancy     | 1 |  1.5
Translocations | 1 |  1.5
Transmutations | 1 |  1.5
Ice Magic      | 1 |  1.5
Air Magic      | 1 |  1.5
Earth Magic    | 1 |  1.5
Poison Magic   | 1 |  1.5
Dodging        | 5 |  5.0
Stealth        | |  4.6
Fire Magic     | |  5.6

Action                   |  1- 3 |  4- 6 || total
-------------------------+-------+-------++-------
Melee: Club              |    14 |       ||    14
       Dagger            |    35 |    84 ||   119
       Bite              |     9 |     6 ||    15
       Unarmed           |     4 |       ||     4
       Punch             |       |     1 ||     1
Throw: Dart              |     2 |     4 ||     6
 Cast: Foxfire           |    54 |    98 ||   152
 Stab: Sleeping          |     1 |       ||     1
Armor: Robe              |    15 |    19 ||    34
Dodge: Dodged            |    46 |    79 ||   125

Table legend: (Time is in decaauts)
 A = Elapsed time spent in this place.
 B = Non-inter-level travel time spent in this place.
 C = Inter-level travel time spent in this place.
 D = Time resting spent in this place.
 E = Time spent auto-exploring this place.
 F = Levels seen in this place.
 G = Mean time per level.
                   A        B        C        D        E       F      G
               +--------+--------+--------+--------+--------+-----+--------+
         Total |   3297 |   3242 |     55 |    798 |   1631 |   3 | 1099.0 |
       Dungeon |   3297 |   3242 |     55 |    798 |   1631 |   3 | 1099.0 |
               +--------+--------+--------+--------+--------+-----+--------+

Top non-repeatable levels by time:
     D:1: 1694 daAuts
     D:2: 1066 daAuts
     D:3: 536 daAuts
